 Dungeon Crawl Stone Soup version 0.21.0-3-g78d12a8 (webtiles) character file.

549 pstr the Digger (level 7, 0/56 HPs)
             Began as a Naga Earth Elementalist on Jan 16, 2018.
             Was a Believer of Qazlal.
             Slain by a slave (9 damage)
             ... led by Pikel
             ... on level 4 of the Dungeon.
             The game lasted 00:14:55 (4857 turns).

pstr the Digger (Naga Earth Elementalist)           Turns: 4857, Time: 00:14:56

Health: 0/56       AC:  6    Str: 11      XL:     7   Next: 28%
Magic:  6/13       EV: 10    Int: 18 (19) God:    Qazlal [**....]
Gold:   246        SH:  3    Dex: 11      Spells: 10/14 levels left

rFire    + . .     SeeInvis +   h - +1 mace of Sloth {crush, Int+2}
rCold    . . .     Gourm    .   (no shield)
rNeg     . . .     Faith    .   c - +0 robe
rPois    +         Spirit   .   t - +2 helmet
rElec    .         Reflect  .   (no cloak)
rCorr    .         Harm     .   (no gloves)
MR       .....     Clarity  +   (no barding)
Stlth    ++........             j - amulet of regeneration (curse)
HPRegen  0.58/turn              s - ring of protection from fire
MPRegen  0.13/turn              (no ring)

@: very slow
A: large, see invisible, clarity, deformed body, deterioration 1, poison
resistance, slowness 2, slow metabolism 1, spit poison 1, AC +2
a: Spit Poison, Upheaval, Renounce Religion


You were on level 4 of the Dungeon.
You worshipped Qazlal.
Qazlal was pleased with you.
You were very hungry.

You visited 1 branch of the dungeon, and saw 4 of its levels.

You collected 246 gold pieces.

Inventory:

Hand Weapons
 a - a +2 dagger of venom
 h - the +1 mace of Sloth (weapon) {crush, Int+2}
   (You found it on level 4 of the Dungeon)

   It inflicts extra damage upon your enemies.
   It affects your intelligence (+2).
Missiles
 b - 98 stones (quivered)
Armour
 c - a +0 robe (worn)
 o - a +0 leather armour
 t - a +2 helmet (worn)
Jewellery
 f - an uncursed ring of poison resistance {unknown}
 i - an uncursed amulet of magic regeneration {unknown}
 j - a cursed amulet of regeneration (around neck)
 s - a ring of protection from fire (left hand)
Scrolls
 g - a scroll of magic mapping {unknown}
 n - 2 scrolls of identify {unknown}
 p - a scroll of immolation {unknown}
 q - 6 scrolls of remove curse {unknown}
 r - a scroll of fog {unknown}
 v - a scroll of teleportation {unknown}
 w - a scroll of fear {unknown}
Potions
 k - 4 potions of agility
 l - a potion of flight {unknown}
 z - a potion of berserk rage {unknown}
Books
 e - a book of Geomancy

   Spells                             Type                      Level
   a - Sandblast                      Earth                        1
   b - Passwall                       Transmutation/Earth          2
   c - Stone Arrow                    Conjuration/Earth            3
   d - Petrify                        Transmutation/Earth          4
   e - Lee's Rapid Deconstruction     Earth                        5
 x - a book of Summonings

   Spells                             Type                      Level
   a - Recall                         Summoning/Translocation      3
   b - Aura of Abjuration             Summoning                    5
   c - Summon Demon                   Summoning                    5
   d - Summon Forest                  Summoning/Translocation      5
   e - Summon Mana Viper              Hexes/Summoning              5
   f - Shadow Creatures               Summoning                    6
 y - a book of Flames

   Spells                             Type                      Level
   a - Flame Tongue                   Conjuration/Fire             1
   b - Throw Flame                    Conjuration/Fire             2
   c - Conjure Flame                  Conjuration/Fire             3
   d - Inner Flame                    Hexes/Fire                   3
   e - Sticky Flame                   Conjuration/Fire             4
   f - Fireball                       Conjuration/Fire             5
Comestibles
 d - 6 rations


   Skills:
 + Level 0.6 Fighting
 + Level 1.7 Short Blades
 + Level 3.0 Dodging
 + Level 3.7 Stealth
 + Level 4.4 Spellcasting
 + Level 0.8 Conjurations
   Level 1.0 Transmutations
 + Level 5.1 Earth Magic


You had 10 spell levels left.
You knew the following spells:

 Your Spells              Type           Power        Failure   Level  Hunger
a - Sandblast             Erth           ###...       1%          1    None
b - Stone Arrow           Conj/Erth      ##....       12%         3    ###....


Dungeon Overview and Level Annotations

Branches:
Dungeon (4/15)             Temple (0/1) D:4

Altars:
Fedhas
Okawaru
Qazlal
Vehumet

Annotations:
D:4 Pikel


Innate Abilities, Weirdness & Mutations

You cannot wear boots.
Your serpentine skin is tough. (AC +2)
You have supernaturally acute eyesight. (SInv)
Armour fits poorly on your strangely shaped body.
Your system is resistant to poisons. (rPois)
You cover ground very slowly.
You have a slow metabolism.
You can spit poison.
You possess an exceptional clarity of mind.
Your body sometimes deteriorates upon taking damage.


Message History

Aiming: Stone Arrow
Press: ? - help, Shift-Dir - straight line, f - Pikel
Aim: Pikel, wielding a whip of freezing and wearing a robe (slightly transparent)
The stone arrow hits Pikel.
Pikel is moderately wounded.
The centaur shoots an arrow.
The arrow hits you. You block the leopard gecko's attack.
The centaur shoots an arrow.
The arrow hits you! The leopard gecko bites you.
Pikel hits you but does no damage. The slave hits you.
* * * LOW HITPOINT WARNING * * *
The leopard gecko barely misses you. Pikel hits you with a whip of freezing.
* * * LOW HITPOINT WARNING * * *
Pikel freezes you.
* * * LOW HITPOINT WARNING * * *
You feel better. The slave hits you.
* * * LOW HITPOINT WARNING * * *
The leopard gecko bites you but does no damage.
The slave hits you!
You die...

.......# #.#
.......# #.#
.......# #.#
.......#######.###
...>.>.((.p..p...#
...#..(##.####c..#
.......##.# ##..#
#......##.# #lp#
.......##.# #p@#
#......##.# #pK#
.......##.. #..#
.......###. #..#
)......# #..#
.....#.# #..#
....## #..# ##..#
...# ..#


You could see Pikel (invisible), 4 slaves, a centaur and a leopard gecko.

Vanquished Creatures
  The ghost of Baril the Digger, an amateur GrEE (D:3)
  An ogre (D:4)
  A scorpion (D:4)
  A hound (D:4)
  2 orc wizards
  A worker ant (D:4)
  Robin (D:2)
  4 adders
  3 gnolls (D:4)
  An ooze (D:2)
  An adder skeleton (D:4)
  2 worms
  4 dart slugs
  3 leopard geckos
  5 orcs
  10 bats
  2 giant cockroaches (D:2)
  16 goblins
  10 hobgoblins
  A quokka (D:2)
  A ball python (D:1)
  8 frilled lizards
  A jackal zombie (D:2)
  13 kobolds
  8 rats
101 creatures vanquished.

Notes
Turn   | Place    | Note
-------+----------+-------------------------------------------
     0 | D:1      | pstr the Naga Earth Elementalist began the quest for the Orb.
     0 | D:1      | Reached XP level 1. HP: 15/15 MP: 3/3
   109 | D:1      | Reached XP level 2. HP: 20/22 MP: 1/5
   245 | D:1      | Found a stormy altar of Qazlal.
   552 | D:1      | Became a worshipper of Qazlal Stormbringer
   690 | D:1      | Reached XP level 3. HP: 24/28 MP: 2/6
   706 | D:1      | Learned a level 3 spell: Stone Arrow
  1476 | D:2      | Noticed Robin
  1623 | D:2      | Reached * piety under Qazlal
  1697 | D:2      | Killed Robin
  1697 | D:2      | Reached XP level 4. HP: 26/36 MP: 4/8
  2364 | D:2      | Reached skill level 4 in Earth Magic
  2794 | D:2      | Found an iron altar of Okawaru.
  2794 | D:2      | Found a faded altar of an unknown god.
  2799 | D:2      | Found a blossoming altar of Fedhas.
  2801 | D:2      | Found a radiant altar of Vehumet.
  2802 | D:2      | Found a faded altar of an unknown god.
  3185 | D:3      | Reached XP level 5. HP: 42/42 MP: 6/10
  3334 | D:3      | Noticed Baril's ghost (amateur GrEE)
  3779 | D:4      | Gained mutation: Your body sometimes deteriorates upon taking damage. [potion of mutation]
  3779 | D:4      | Gained mutation: You possess an exceptional clarity of mind. [potion of mutation]
  3797 | D:4      | Reached ** piety under Qazlal
  3834 | D:4      | Reached XP level 6. HP: 33/49 MP: 5/11
  3953 | D:4      | Reached skill level 1 in Short Blades
  4090 | D:4      | Found a staircase to the Ecumenical Temple.
  4103 | D:4      | Got a pitted mace
  4104 | D:4      | Identified the +1 mace of Sloth {crush, Int+2} (You found it on level 4 of the Dungeon)
  4155 | D:3      | Killed Baril's ghost
  4155 | D:3      | Reached skill level 5 in Earth Magic
  4155 | D:3      | Reached XP level 7. HP: 47/56 MP: 6/13
  4852 | D:4      | Noticed Pikel
  4857 | D:4      | Slain by a slave

Skill      XL: |  1  2  3  4  5  6  7 |
---------------+----------------------+-----
Spellcasting   | 3 4 |  4.4
Dodging        | 2 3 |  3.0
Earth Magic    | 4 5 |  5.1
Short Blades   | 1 |  1.7
Fighting       | |  0.6
Stealth        | |  3.7
Conjurations   | |  0.8
Transmutations | |  1.0

Action                   |  1- 3 |  4- 6 |  7- 9 || total
-------------------------+-------+-------+-------++-------
Melee: Dagger            |     6 |    68 |       ||    74
       Mace              |       |       |     3 ||     3
 Cast: Sandblast         |    55 |    54 |     2 ||   111
       Stone Arrow       |     9 |    36 |    14 ||    59
 Abil: Spit Poison       |       |     7 |     1 ||     8
  Use: Potion            |       |     6 |     1 ||     7
  Eat: Chunk             |     3 |     7 |     2 ||    12
       Ration            |       |     1 |       ||     1
Armor: Robe              |    20 |    45 |     8 ||    73
       Skin              |       |    38 |       ||    38
Dodge: Dodged            |    60 |    92 |     8 ||   160
Block: Other             |       |    16 |     5 ||    21
